PIO (24 & UNDER)
CHULA VISTA TACOS @ JASPER COUGARS
09/29/2023
 
TOP OF THE 1ST
Chula Vista Tacos batting - Pitching for Jasper Cougars : LHP Lorenzo Sánchez
Pitching: LHP Lorenzo Sánchez
Batting: RHB Jorge Collazo 0-0: Ball
1-0: Foul Ball, location: 2F
1-1: Ball
2-1: Called Strike
2-2: SINGLE (Line Drive, 89S)
Batting: LHB Ken Phillips 0-0: Called Strike
0-1: Fly out, F6 (Popup, 6MS)
Batting: SHB Adrián Nieto 0-0: Foul Ball, location: 2F
0-1: Fly out, F7 (Line Drive, 78D)
Batting: RHB Marty Hendrickson 0-0: Called Strike
Jorge Collazo steals 2nd base
0-1: Called Strike
0-2: Ball
1-2: Strikes out swinging
Top of the 1st over - 0 run(s), 1 hit(s), 0 error(s), 1 left on base; Chula Vista 0 - Jasper 0
BOTTOM OF THE 1ST
Jasper Cougars batting - Pitching for Chula Vista Tacos : RHP Wayne Walker
Pitching: RHP Wayne Walker
Batting: RHB Greg King 0-0: Ball
1-0: Called Strike
1-1: Foul Ball, location: 2F
1-2: Ball
2-2: Foul Ball, location: 2F
2-2: Strikes out swinging
Batting: RHB Dan Hooper 0-0: Swinging Strike
0-1: Foul Ball, location: 2F
0-2: Ball
1-2: Strikes out looking
Batting: SHB Ron Edwards 0-0: Ball
1-0: Ball
2-0: Ball
3-0: Base on Balls
Batting: RHB Manuel Pérez 0-0: Foul Ball, location: 2F
0-1: SINGLE (Groundball, 25) (infield hit)
Ron Edwards to second
Batting: RHB Juan Carlos 0-0: Called Strike
0-1: Fly out, F8 (Flyball, 8LM)
Bottom of the 1st over - 0 run(s), 1 hit(s), 0 error(s), 2 left on base; Chula Vista 0 - Jasper 0
TOP OF THE 2ND
Chula Vista Tacos batting - Pitching for Jasper Cougars : LHP Lorenzo Sánchez
Batting: RHB Doug Brown 0-0: Called Strike
0-1: Ball
1-1: Ball
2-1: Swinging Strike
2-2: Strikes out swinging
Batting: RHB Ryan Cates 0-0: Fly out, F7 (Flyball, 7D)
Batting: LHB Ray Bryant 0-0: Ball
1-0: Bunted foul
1-1: Ball
2-1: Ball
3-1: Foul Ball, location: 2F
3-2: Hit by Pitch
Batting: LHB Jaime Icaza 0-0: Ball
Ray Bryant steals 2nd base
1-0: Called Strike
1-1: Ground out 4-3 (Groundball, 4M)
Top of the 2nd over - 0 run(s), 0 hit(s), 0 error(s), 1 left on base; Chula Vista 0 - Jasper 0
BOTTOM OF THE 2ND
Jasper Cougars batting - Pitching for Chula Vista Tacos : RHP Wayne Walker
Batting: LHB Pepe Vázquez 0-0: Called Strike
0-1: Ball
1-1: Foul Ball, location: 2F
1-2: Ball
2-2: Foul Ball, location: 2F
2-2: Foul Ball, location: 2F
2-2: Ball
3-2: Foul Ball, location: 2F
3-2: Strikes out looking
Batting: LHB Jon Scott 0-0: Ball
1-0: Foul Ball, location: 2F
1-1: Foul Ball, location: 2F
1-2: SOLO HOME RUN (Line Drive, 89XD), Distance : 387 ft
Batting: RHB José Ortega 0-0: Called Strike
0-1: Swinging Strike
0-2: Strikes out looking
Batting: RHB Joe Baker 0-0: Called Strike
0-1: Ball
1-1: Ground out 5-3 (Groundball, 56)
Bottom of the 2nd over - 1 run(s), 1 hit(s), 0 error(s), 0 left on base; Chula Vista 0 - Jasper 1
TOP OF THE 3RD
Chula Vista Tacos batting - Pitching for Jasper Cougars : LHP Lorenzo Sánchez
Batting: RHB Manny Torrez 0-0: Called Strike
0-1: Ball
1-1: Ball
2-1: Foul Ball, location: 2F
2-2: Ball
3-2: Strikes out swinging
Batting: RHB Jorge Collazo 0-0: Called Strike
0-1: Foul Ball, location: 2F
0-2: Strikes out swinging, 2-3 out at first.
Batting: LHB Ken Phillips 0-0: Called Strike
0-1: Foul Ball, location: 2F
0-2: Ground out 4-3 (Groundball, 4)
Top of the 3rd over - 0 run(s), 0 hit(s), 0 error(s), 0 left on base; Chula Vista 0 - Jasper 1
BOTTOM OF THE 3RD
Jasper Cougars batting - Pitching for Chula Vista Tacos : RHP Wayne Walker
Batting: RHB Greg King 0-0: Ball
1-0: Ground out 4-3 (Groundball, 4MS)
Batting: RHB Dan Hooper 0-0: Ball
1-0: Called Strike
1-1: Fly out, F7 (Line Drive, 78S)
Batting: SHB Ron Edwards 0-0: Called Strike
0-1: Foul Ball, location: 2F
0-2: Ball
1-2: Foul Ball, location: 2F
1-2: Hit by Pitch
Batting: RHB Manuel Pérez 0-0: Called Strike
0-1: Called Strike
0-2: Ball
1-2: Fielders Choice at 2nd, 6-4 (Groundball, 6)
Bottom of the 3rd over - 0 run(s), 0 hit(s), 0 error(s), 0 left on base; Chula Vista 0 - Jasper 1
TOP OF THE 4TH
Chula Vista Tacos batting - Pitching for Jasper Cougars : LHP Lorenzo Sánchez
Batting: SHB Adrián Nieto 0-0: Called Strike
0-1: Ball
1-1: Fly out, F7 (Flyball, 7M)
Batting: RHB Marty Hendrickson 0-0: Ball
1-0: Ball
2-0: SINGLE (Groundball, 13) (infield hit)
Batting: RHB Doug Brown 0-0: Ball
1-0: Ball
Marty Hendrickson steals 2nd base
2-0: Swinging Strike
2-1: Ground out 1-3 (Groundball, 15)
Batting: RHB Ryan Cates 0-0: Ball
1-0: Foul Ball, location: 2F
1-1: Ball
2-1: Ball
3-1: Swinging Strike
3-2: Base on Balls
Batting: LHB Ray Bryant 0-0: Called Strike
0-1: Ball
1-1: Foul Ball, location: 2F
1-2: Ball
2-2: Foul Ball, location: 2F
2-2: Strikes out swinging
Top of the 4th over - 0 run(s), 1 hit(s), 0 error(s), 2 left on base; Chula Vista 0 - Jasper 1
BOTTOM OF THE 4TH
Jasper Cougars batting - Pitching for Chula Vista Tacos : RHP Wayne Walker
Batting: RHB Juan Carlos 0-0: Hit by Pitch
Batting: LHB Pepe Vázquez 0-0: Ball
Juan Carlos steals 2nd base
1-0: Fly out, F8 (Flyball, 8RM)
Batting: LHB Jon Scott 0-0: Fly out, F7 (Flyball, 78M)
Batting: RHB José Ortega 0-0: Ball
1-0: Ball
2-0: Ground out 3-1 (Groundball, 34)
Bottom of the 4th over - 0 run(s), 0 hit(s), 0 error(s), 1 left on base; Chula Vista 0 - Jasper 1
TOP OF THE 5TH
Chula Vista Tacos batting - Pitching for Jasper Cougars : LHP Lorenzo Sánchez
Batting: LHB Jaime Icaza 0-0: Called Strike
0-1: Foul Ball, location: 2F
0-2: Ball
1-2: SINGLE (Line Drive, 8RS)
Batting: RHB Manny Torrez 0-0: Ball
1-0: Called Strike
1-1: Swinging Strike
1-2: SINGLE (Groundball, 56D) (infield hit)
Jaime Icaza to second
Batting: RHB Jorge Collazo 0-0: Swinging Strike
0-1: Ball
1-1: Grounds into double play, 4-6-3 (Groundball, 4)
Jaime Icaza to third
Batting: LHB Ken Phillips 0-0: Ball
1-0: Foul Ball, location: 2F
1-1: Ball
2-1: Ground out 6-3 (Groundball, 6M)
Top of the 5th over - 0 run(s), 2 hit(s), 0 error(s), 1 left on base; Chula Vista 0 - Jasper 1
BOTTOM OF THE 5TH
Jasper Cougars batting - Pitching for Chula Vista Tacos : RHP Wayne Walker
Batting: RHB Joe Baker 0-0: Ground out 6-3 (Groundball, 6M)
Batting: RHB Greg King 0-0: Ball
1-0: Foul Ball, location: 2F
1-1: Fly out, F2 (Popup, 2LF)
Batting: RHB Dan Hooper 0-0: Ball
1-0: Swinging Strike
1-1: Swinging Strike
1-2: Ball
2-2: Strikes out swinging
Bottom of the 5th over - 0 run(s), 0 hit(s), 0 error(s), 0 left on base; Chula Vista 0 - Jasper 1
TOP OF THE 6TH
Chula Vista Tacos batting - Pitching for Jasper Cougars : LHP Lorenzo Sánchez
Batting: SHB Adrián Nieto 0-0: Ball
1-0: Ball
2-0: Ball
3-0: Called Strike
3-1: Swinging Strike
3-2: Base on Balls
Batting: RHB Marty Hendrickson 0-0: Called Strike
0-1: Ball
Wild Pitch!
Adrián Nieto to second
1-1: Foul Ball, location: 2F
1-2: Ball
2-2: Ball
3-2: Foul Ball, location: 2F
3-2: Base on Balls
Pitching: RHP José Orozco
Batting: RHB Doug Brown 0-0: Called Strike
0-1: Ball
1-1: Ball
2-1: Ball
3-1: Foul Ball, location: 2F
3-2: Strikes out swinging
Adrián Nieto steals 3rd base
Batter strikes out.
Marty Hendrickson to second
Batting: RHB Ryan Cates 0-0: Ball
1-0: Called Strike
1-1: Ball
2-1: Ball
3-1: Foul Ball, location: 2F
3-2: Foul Ball, location: 2F
3-2: Base on Balls
Batting: LHB Ray Bryant 0-0: Ball
1-0: Swinging Strike
1-1: Foul Ball, location: 2F
1-2: Ball
2-2: Strikes out swinging
Batting: LHB Jaime Icaza 0-0: Foul Ball, location: 2F
0-1: Ball
1-1: Foul Ball, location: 2F
1-2: Ball
2-2: Ball
3-2: Foul Ball, location: 2F
3-2: Strikes out swinging
Top of the 6th over - 0 run(s), 0 hit(s), 0 error(s), 3 left on base; Chula Vista 0 - Jasper 1
BOTTOM OF THE 6TH
Jasper Cougars batting - Pitching for Chula Vista Tacos : RHP Wayne Walker
Batting: SHB Ron Edwards 0-0: Ball
1-0: Called Strike
1-1: TRIPLE (Line Drive, 9LS)
Batting: RHB Manuel Pérez 0-0: Intentional Walk
Batting: RHB Juan Carlos 0-0: Foul Ball, location: 2F
0-1: Ball
1-1: Fly out, F2 (Popup, 23F)
Batting: LHB Pepe Vázquez 0-0: Ball
1-0: Called Strike
1-1: Ball
2-1: Foul Ball, location: 2F
2-2: Strikes out swinging
Batting: LHB Jon Scott 0-0: Ball
1-0: Foul Ball, location: 2F
1-1: Foul Ball, location: 2F
Balk!
Ron Edwards scores
Manuel Pérez to second
1-2: Ball
2-2: Foul Ball, location: 2F
2-2: Strikes out swinging
Bottom of the 6th over - 1 run(s), 1 hit(s), 0 error(s), 1 left on base; Chula Vista 0 - Jasper 2
TOP OF THE 7TH
Chula Vista Tacos batting - Pitching for Jasper Cougars : RHP José Orozco
Batting: RHB Manny Torrez 0-0: Ball
1-0: Ball
2-0: Called Strike
2-1: Called Strike
2-2: Foul Ball, location: 2F
2-2: Ground out 5-3 (Groundball, 15S)
Batting: RHB Jorge Collazo 0-0: SINGLE (Line Drive, 56)
Batting: LHB Ken Phillips 0-0: Ball
1-0: Ball
2-0: Fly out, F8 (Popup, 6MD)
Pitching: RHP Steve Snyder
Batting: SHB Adrián Nieto 0-0: Ball
1-0: Ball
2-0: Foul Ball, location: 2F
2-1: Swinging Strike
Jorge Collazo steals 2nd base
2-2: Foul Ball, location: 2F
2-2: Strikes out swinging
Top of the 7th over - 0 run(s), 1 hit(s), 0 error(s), 1 left on base; Chula Vista 0 - Jasper 2
BOTTOM OF THE 7TH
Jasper Cougars batting - Pitching for Chula Vista Tacos : RHP Wayne Walker
Pitching: RHP Mike Marrero
Batting: RHB José Ortega 0-0: Swinging Strike
0-1: Called Strike
0-2: Foul Ball, location: 2F
0-2: Strikes out looking
Batting: RHB Joe Baker 0-0: Ball
1-0: Called Strike
1-1: Foul Ball, location: 2F
1-2: Ball
2-2: Fly out, F9 (Line Drive, 9M)
Batting: RHB Greg King 0-0: Called Strike
0-1: Foul Ball, location: 2F
0-2: Fly out, F5 (Popup, 25F)
Bottom of the 7th over - 0 run(s), 0 hit(s), 0 error(s), 0 left on base; Chula Vista 0 - Jasper 2
TOP OF THE 8TH
Chula Vista Tacos batting - Pitching for Jasper Cougars : RHP Steve Snyder
Batting: RHB Marty Hendrickson 0-0: Called Strike
0-1: Ball
1-1: Ball
2-1: Foul Ball, location: 2F
2-2: Ball
3-2: Strikes out looking
Batting: RHB Doug Brown 0-0: Called Strike
0-1: Foul Ball, location: 2F
0-2: Ball
1-2: Ball
2-2: Ball
3-2: Reached on error, E4 (Groundball, 4)
Batting: RHB Ryan Cates 0-0: Foul Ball, location: 2F
0-1: Ball
1-1: Foul Ball, location: 2F
1-2: Ball
2-2: Foul Ball, location: 2F
2-2: Strikes out swinging
Pitching: LHP Javier Galeas
Batting: LHB Ray Bryant 0-0: Called Strike
0-1: Ball
1-1: Called Strike
1-2: Strikes out swinging
Top of the 8th over - 0 run(s), 0 hit(s), 1 error(s), 1 left on base; Chula Vista 0 - Jasper 2
BOTTOM OF THE 8TH
Jasper Cougars batting - Pitching for Chula Vista Tacos : RHP Mike Marrero
Batting: RHB Dan Hooper 0-0: Called Strike
0-1: Foul Ball, location: 2F
0-2: Strikes out swinging
Batting: SHB Ron Edwards 0-0: Ground out 4-3 (Groundball, 4)
Batting: RHB Manuel Pérez 0-0: Ball
1-0: Foul Ball, location: 2F
1-1: Swinging Strike
1-2: Strikes out swinging
Bottom of the 8th over - 0 run(s), 0 hit(s), 0 error(s), 0 left on base; Chula Vista 0 - Jasper 2
TOP OF THE 9TH
Chula Vista Tacos batting - Pitching for Jasper Cougars : LHP Javier Galeas
Pitching: RHP Brandon Williams
Batting: LHB Jaime Icaza 0-0: Foul Ball, location: 2F
0-1: Ball
1-1: Swinging Strike
1-2: Foul Ball, location: 2F
1-2: Ball
2-2: Strikes out swinging
Batting: RHB Manny Torrez 0-0: Hit by Pitch
Pinch Hitting: RHB Ricardo Guzmán 0-0: Called Strike
0-1: Called Strike
0-2: Strikes out swinging
Pinch Hitting: SHB Brian Price 0-0: Ball
1-0: Ball
2-0: Foul Ball, location: 2F
2-1: Ground out U3 (Groundball, 3L)
Top of the 9th over - 0 run(s), 0 hit(s), 0 error(s), 1 left on base; Chula Vista 0 - Jasper 2
This league is powered by Out of the Park Baseball, the baseball management simulation game for PC, Mac and Linux
Wednesday, December 2nd, 2015 - OOTP Baseball 16.8 Build 38